 Dungeon Crawl Stone Soup version 0.14-a0-1773-ge500af7 (webtiles) character file.

151 ReteAZ the Ruinous (level 4, 0/36 HPs)
             Began as a Naga Conjurer on Jan 6, 2014.
             Killed by divine providence
             ... invoked by an orc priest
              (12 damage)
             ... on Level 3 of the Dungeon.
             The game lasted 00:10:51 (1521 turns).

ReteAZ the Ruinous (Naga Conjurer)                  Turns: 1521, Time: 00:10:51

HP   0/36        AC  2     Str 10      XL: 4   Next: 63%
MP  10/10        EV 10     Int 17      God:
Gold 57          SH  0     Dex 11      Spells:  2 memorised,  7 levels left

rFire  . . .     SeeInvis +     (no weapon)
rCold  . . .     Clarity  .     a - +0 robe
rNeg   . . .     Conserve .     (no shield)
rPois  +         rCorr    .     (no helmet)
rElec  .         rRot     .     (no cloak)
SustAb . .       Spirit   .     (no gloves)
rMut   .         Warding  .     (no barding)
Saprov . . .     Stasis   .     (no amulet)
                                (no ring)
                                (no ring)

@: very slow, slightly resistant to hostile enchantments, fairly stealthy
A: spit poison, see invisible, deformed body, poison resistance, slowness 2, AC
+1
a: Spit Poison


You were on level 3 of the Dungeon.
You were hungry.

You visited 1 branch of the dungeon, and saw 3 of its levels.

You collected 57 gold pieces.

Inventory:

Armour
 a - a +0 robe (worn)
 p - a +0 buckler
Comestibles
 b - 3 bread rations
 f - 2 meat rations
 h - a choko
 i - a pear
 q - a chunk of worm flesh
 r - an apple
 s - 2 chunks of jackal flesh
Scrolls
 d - 3 scrolls of identify {unknown}
 k - a scroll of teleportation {unknown}
 m - a scroll of immolation {unknown}
Jewellery
 l - an uncursed ring of fire
Potions
 e - a potion of might
 n - a potion of mutation {unknown}
 o - a potion of magic {unknown}
Books
 c - a book of Conjurations

   Spells                             Type                      Level
   *Magic Dart                        Conjuration                  1
   *Searing Ray                       Conjuration                  2
   Dazzling Spray                     Conjuration/Hexes            3
   Iskenderun's Mystic Blast          Conjuration                  4
   Iskenderun's Battlesphere          Conjuration/Charms           4
   Fulminant Prism                    Conjuration/Hexes            5


   Skills:
 - Level 1.5 Dodging
 - Level 3.0 Stealth
 + Level 3.5 Spellcasting
 + Level 4.8 Conjurations


You had 7 spell levels left.
You knew the following spells:

 Your Spells              Type           Power        Failure   Level  Hunger
a - Magic Dart            Conj           ###.         2%          1    None
b - Searing Ray           Conj           ###...       3%          2    ##.....


Dungeon Overview and Level Annotations

Branches:
Dungeon (3/16)

Altars:


Innate Abilities, Weirdness & Mutations

You cannot wear boots.
You can spit poison.
Your serpentine skin is tough (AC +1).
You have supernaturally acute eyesight.
Armour fits poorly on your strangely shaped body.
Your system is resistant to poisons.
You cover ground very slowly.


Message History

The orc priest mumbles some strange prayers to Beogh against you.
Something smites you!
Use which ability? (? or * to list)
Press: ? - help, Shift-Dir - straight line, f - orc
Aim: an orc, wielding an orcish short sword and wearing an orcish leather armour The splash of poison misses the orc.
The splash of poison hits the orc.
You kill the orc!
You feel slightly more hungry.
The orc priest unwields an uncursed orcish club.
The orc priest drops an uncursed orcish club.
The orc priest picks up an orcish hand axe.
The orc priest wields an orcish hand axe.
The orc closely misses you.
The orc priest calls down the wrath of Beogh upon you.
Something smites you! The orc closely misses you.
You have got your breath back.
The orc priest calls down the wrath of Beogh upon you.
Something smites you!
You die...

... ##.# .#.o##
..#...# #.#../# ####
#.#...#
.....###.#.o.#
.....>.....#
#.......@.#######
#................
######.......########
#.............#
......##.......#
...... ######.%#
...[..#######..#
#.........%.%...#
#........######.#


You could see an orc priest and an orc.

Vanquished Creatures
  2 adders (D:2)
  2 giant mites
  A worm (D:3)
  A giant gecko (D:2)
  An orc (D:3)
  A ball python (D:2)
  3 goblins
  7 hobgoblins
  15 jackals
  A quokka (D:2)
  6 bats
  3 giant cockroaches
  4 kobolds
  A rat (D:1)
48 creatures vanquished.

Notes
Turn   | Place    | Note
--------------------------------------------------------------
     0 | D:1      | ReteAZ, the Naga Conjurer, began the quest for the Orb.
     0 | D:1      | Reached XP level 1. HP: 15/15 MP: 3/3
   174 | D:1      | Reached XP level 2. HP: 16/22 MP: 2/4
   179 | D:1      | Learned a level 2 spell: Searing Ray
   507 | D:1      | Reached XP level 3. HP: 26/28 MP: 1/6
  1133 | D:2      | Reached XP level 4. HP: 34/36 MP: 4/9
  1521 | D:3      | Killed from afar by an orc priest

Action                   |  1- 3 |  4- 6 || total
-------------------------+-------+-------++-------
Melee: Unarmed           |    14 |     5 ||    19
 Cast: Magic Dart        |    49 |    22 ||    71
       Searing Ray       |       |     1 ||     1
 Abil: Spit Poison       |    30 |    11 ||    41
  Use: Potion            |     2 |       ||     2
